 Dungeon Crawl Stone Soup version 0.28-a0-390-gb254ac4902 (webtiles) character file.

Game seed: 4615661654738618932

272 marietta the Skirmisher (level 6, 0/48 HPs)
             Began as a Djinni Gladiator on Sept 3, 2021.
             Was a Believer of Dithmenos.
             Slain by a river rat (2 damage)
             ... summoned by Eustachio
             ... on level 4 of the Dungeon.
             The game lasted 00:05:32 (3677 turns).

marietta the Skirmisher (Djinni Gladiator)          Turns: 3677, Time: 00:05:32

Health: 0/48       AC:  4    Str: 13    XL:     6   Next: 48%
Gold:   205        EV: 12    Int: 11    God:    Dithmenos [**....] SH:  0 Dex: 15

rFire   + + .      SeeInvis .   a - +1 scythe (venom)
rCold   x . .      Faith    .   (shield currently unavailable)
rNeg    . . .      Spirit   .   b - +0 leather armour
rPois   ∞          Reflect  .   c - +0 helmet
rElec   .          Harm     .   (no cloak)
rCorr   .          Rampage  .   (no gloves)
Will    .....                   (boots unavailable)
Stlth   +.........              (no amulet)
HPRegen 0.16/turn               (no ring)
MPRegen 0.00/turn               (no ring)

@: flying, wreathed by umbra
A: sickness immunity, fire resistance 2, cold vulnerability 1, float, innate
caster, hp casting, extra vitality 1
a: Renounce Religion, Shadow Step


You were on level 4 of the Dungeon.
You worshipped Dithmenos.
Dithmenos was pleased with you.
You visited 1 branch of the dungeon, and saw 4 of its levels.

You collected 205 gold pieces.

Inventory:

Hand Weapons
 a - a +1 scythe of venom (weapon)
 j - a +0 long sword
Missiles
 d - 3 throwing nets (quivered)
 f - 8 poisoned darts
Armour
 b - a +0 leather armour (worn)
 c - a +0 helmet (worn)
Jewellery
 p - a ring of willpower
Scrolls
 e - 2 scrolls of identify
 l - a scroll of immolation {unknown}
Potions
 g - a potion of flight {unknown}
 h - 2 potions of might
 m - a potion of ambrosia {unknown}
 n - a potion of brilliance {unknown}


   Skills:
 - Level 4.4 Fighting
 - Level 2.6 Long Blades
 * Level 1.0 Polearms
 - Level 1.5 Throwing
 - Level 3.2 Dodging
 + Level 2.9 Spellcasting


You had 7 spell levels left.
You knew the following spells:

 Your Spells              Type           Power      Damage    Failure   Level
a - Pain                  Necr           32%        1d5       10%         1
b - Static Discharge      Conj/Air       8%         N/A       16%         2
Your spell library was empty.

Dungeon Overview and Level Annotations

Branches:
Dungeon (4/15)
 Temple: D:4-7

Altars:
Dithmenos
Qazlal

Shops:
D:2 !

Annotations:
D:4 1 runed translucent door, CraigForest's ghost, amateur DDHu; Eustachio


Innate Abilities, Weirdness & Mutations

You are immune to sickness and miasma.
You are immune to poison.
Your flesh is very heat resistant. (rF++)
You are vulnerable to cold. (rC-)
You float through the air rather than walking.
You learn spells naturally, not from books.
Your magical power is your life essence.
You have superior vitality. (+4 HP)


Message History

Eustachio resists with significant effort.
You closely miss Eustachio.
Eustachio is lightly wounded.
Eustachio barely misses you.
Eustachio gestures wildly while chanting.
Eustachio blinks!
Eustachio gestures wildly while chanting.
You reach to attack!
You closely miss the white imp. The ufetubus barely misses you.
The ufetubus hits you but does no damage.
The white imp gestures at you. The puff of frost hits you!
You feel a terrible chill!
You hit the white imp.
The white imp is lightly wounded.
The ufetubus hits you. The ufetubus closely misses you. x2
The ufetubus hits you but does no damage.
Eustachio casts a spell.
The white imp barely misses you. The ufetubus barely misses you.
The ufetubus hits you. The white imp hits you. The white imp freezes you!
You feel a terrible chill!
You are too injured to fight recklessly!
You are too injured to fight recklessly!
You hit Eustachio.
Eustachio is poisoned.
Eustachio is moderately wounded.
The ufetubus barely misses you. The ufetubus closely misses you.
The ufetubus misses you. x2; Eustachio closely misses you.
The white imp gestures at you. The puff of frost hits you!!
You feel a terrible chill!
* * * LOW HITPOINT WARNING * * *
The ufetubus closely misses you. The ufetubus misses you.
Eustachio brags, "I can call spirits from the vasty deep."
Eustachio hits you with a +0 falchion.
* * * LOW HITPOINT WARNING * * *
You miss Eustachio.
Eustachio is moderately wounded.
The ufetubus hits you.
* * * LOW HITPOINT WARNING * * *
The ufetubus misses you. The white imp closely misses you.
The river rat bites you.
You die...

*,**8,∩,8*,* *,*, *******
*,*#..,..#.# *,*, ,,,,,,*
*,**..8..#.# *,*,
,,,,,,***,*##.##.#.#**********,**
,,,,,,,,,,*#.......,,,,,,,,,,*,**
,,,,,,***###....$.###*******,*,,,
,,,,,,,,,.......b...,,,,,,,,,,,,,
***********#...@55#,,,,,,,,*,*,,,
,,,,,,,,*###...r@.#,,,,,,,,*,,,,,
,,,,,,,,,...).....+,,,,,,,,,,,,,,
,,,,,,,,*#######..#,,,,,,,,,,,,**
,,,,,,,,*##..####'####,,,,*******
,,,,,,,,*#...#.......#,,,,,,,,* *
,,,,,,,,*#...#.⌠...⌠.#*******,* *
,,,,,,,,*#...#.......#,,,****,***
,,,,,,,,*#...'...⌠...+,,,,,,,,,,,
,,,,,,,,*#...#.......#,,,,,,,,,,,


You could see Eustachio (very poisoned), a river rat (summoned), a white imp
(summoned), an ufetubus (summoned) and a bat (summoned).

Vanquished Creatures
  Sigmund (D:2)
  5 adders
  2 worms (D:3)
  3 dart slugs
  An orc (D:3)
  8 ball pythons
  6 bats
  5 endoplasms
  3 giant cockroaches
  9 goblins
  4 hobgoblins
  3 jackals (D:2)
  6 kobolds
  A quokka (D:1)
  5 frilled lizards
  5 rats
67 creatures vanquished.

Vanquished Creatures (others)
  6 plants (D:3)
6 creatures vanquished.

Grand Total: 73 creatures vanquished

Notes
Turn   | Place    | Note
-------+----------+-------------------------------------------
     0 | D:1      | marietta the Djinni Gladiator began the quest for the Orb.
     0 | D:1      | Reached XP level 1. HP: 18/18 MP: 0/0
   377 | D:1      | Reached XP level 2. HP: 21/24 MP: 0/0
   685 | D:1      | Found a faded altar of an unknown god.
   696 | D:1      | Became a worshipper of Dithmenos the Shadowed
   696 | D:1      | Reached * piety under Dithmenos
   729 | D:1      | Reached skill level 1 in Spellcasting
   761 | D:1      | Reached XP level 3. HP: 24/29 MP: 0/0
   761 | D:1      | Learned a level 1 spell: Pain
  1417 | D:2      | Reached skill level 3 in Fighting
  1418 | D:2      | Noticed Sigmund
  1603 | D:2      | Killed Sigmund
  1604 | D:2      | Reached skill level 4 in Fighting
  1604 | D:2      | Reached XP level 4. HP: 4/37 MP: 0/0
  1604 | D:2      | Reached XP level 5. HP: 4/41 MP: 0/0
  1604 | D:2      | Learned a level 2 spell: Static Discharge
  1604 | D:2      | Reached XP level 6. HP: 5/47 MP: 0/0
  2308 | D:2      | Found Lepoalu's Distillery.
  2463 | D:2      | Reached ** piety under Dithmenos
  3065 | D:3      | Found a stormy altar of Qazlal.
  3451 | D:3      | Reached skill level 1 in Polearms
  3563 | D:4      | Found a runed translucent door.
  3564 | D:4      | Noticed CraigForest's ghost (amateur DDHu)
  3666 | D:4      | Noticed Eustachio
  3676 | D:4      | HP: 2/48 [Eustachio (4)]
  3677 | D:4      | Slain by a river rat

Illustrated notes

Levels and vault maps discovered:
D:1:      kennysheep_arrival_seaside, layout_loops_cross,
          hellmonk_ecumenical_altar_zigzags
D:2:      layout_loops_ring, serial_shops, shop_coins, uniq_sigmund
D:3:      layout_basic, grunt_qazlal_sundering, serial_bayou,
          serial_bayou_lake_a, serial_bayou_lagoon_a, serial_bayou_crossing,
          serial_bayou_ford_a, kennysheep_donut, minmay_misc_feat_nine_boxes
D:4:      layout_basic, nicolae_ossuary_entry_monument, ebering_ghost_sewer_d,
          minmay_fountain_box, uniq_eustachio

Skill      XL: |  1  2  3  4  5  6 |
---------------+-------------------+-----
Spellcasting   | 1 2 |  2.9
Fighting       | 4 |  4.4
Polearms       | 1 |  1.0
Long Blades    | |  2.6
Throwing       | |  1.5
Dodging        | |  3.2

Action                   |  1- 3 |  4- 6 || total
-------------------------+-------+-------++-------
Melee: Long sword        |    94 |       ||    94
       Scythe            |       |    85 ||    85
 Cast: Pain              |     4 |     6 ||    10
       Static Discharge  |       |     5 ||     5
  Use: Scroll            |       |     4 ||     4
 Stab: Sleeping          |       |     2 ||     2
Armor: Leather armour    |    31 |    22 ||    53
Dodge: Dodged            |    76 |    80 ||   156

Table legend: (Time is in decaauts)
 A = Elapsed time spent in this place.
 B = Non-inter-level travel time spent in this place.
 C = Inter-level travel time spent in this place.
 D = Time resting spent in this place.
 E = Time spent auto-exploring this place.
 F = Levels seen in this place.
 G = Mean time per level.
                   A        B        C        D        E       F      G
               +--------+--------+--------+--------+--------+-----+--------+
         Total |   3784 |   3668 |    116 |    534 |   2503 |   4 |  946.0 |
       Dungeon |   3784 |   3668 |    116 |    534 |   2503 |   4 |  946.0 |
               +--------+--------+--------+--------+--------+-----+--------+

Top non-repeatable levels by time:
     D:2: 1257 daAuts
     D:1: 1240 daAuts
     D:3: 1113 daAuts
     D:4: 172 daAuts
